 Dungeon Crawl Stone Soup version 0.23.2-11-gf996548c65 (webtiles) character file.

Game seed: 11469561607695910469

175 MalarOregon the Digger (level 5, -4/36 (38) HPs)
             Began as a Ghoul Earth Elementalist on June 3, 2019.
             Slain by a wight
             ... wielding a cursed +1 spear
              (10 damage)
             ... on level 4 of the Dungeon.
             The game lasted 00:10:15 (2943 turns).

MalarOregon the Digger (Ghoul Earth Elementalist)   Turns: 2943, Time: 00:10:15

HP:   -4/36 (38)    AC:  4    Str: 12    XL:     5   Next: 55%
MP:   2/8           EV: 12    Int: 11    God:
Gold: 173           SH:  0    Dex:  9    Spells: 3/9 levels left

rFire    . . .     SeeInvis .   (no weapon)
rCold    + . .     Gourm    .   (no shield)
rNeg     + + +     Faith    .   c - +0 robe
rPois    ∞         Spirit   .   (no helmet)
rElec    .         Reflect  .   n - +0 cloak
rCorr    .         Harm     .   (no gloves)
MR       .....                  j - +0 pair of boots
Stlth    ++........             (no amulet)
HPRegen  0.00/turn              (no ring)
MPRegen  0.11/turn              (no ring)

@: rotting
A: rotting body, claws 1, carnivore, cold resistance 1, negative energy
resistance 3, inhibited regeneration, torment resistance, unbreathing
a: no special abilities


You were on level 4 of the Dungeon.
You were not hungry.

You visited 1 branch of the dungeon, and saw 4 of its levels.

You collected 173 gold pieces.

Inventory:

Missiles
 b - 60 stones (quivered)
Armour
 c - a +0 robe (worn)
 j - a +0 pair of boots (worn)
   (You found it on level 2 of the Dungeon)
 n - a +0 cloak (worn)
   (You found it on level 3 of the Dungeon)
Scrolls
 d - 2 scrolls of remove curse {@r2}
 h - 2 scrolls of identify {unknown}
 o - a scroll of teleportation {unknown}
Potions
 l - a potion of flight
Comestibles
 e - 5 rations {!d}


   Skills:
 + Level 2.9 Dodging
 + Level 3.8 Stealth
 + Level 2.7 Spellcasting
 - Level 0.8 Transmutations
 + Level 4.3 Earth Magic


You had 3 spell levels left.
You knew the following spells:

 Your Spells              Type           Power        Failure   Level  Hunger
a - Sandblast             Erth           ##....       4%          1    #......
q - Passwall              Tmut/Erth      #.......     14%         2    ###....
x - Stone Arrow           Conj/Erth      #.....       32%         3    ###....

Your spell library contained the following spells:

 Spells                   Type           Power        Failure   Level  Hunger
 Magic Dart               Conj           #...         26%         1    #......
 Blink                    Tloc           N/A          38%         2    ###....
 Call Imp                 Summ           #.......     38%         2    ###....
 Slow                     Hex            #.......     38%         2    ###....
 Conjure Flame            Conj/Fire      #.......     63%         3    ###....
 Mephitic Cloud           Conj/Pois/Air  #.......     63%         3    ###....
 Petrify                  Tmut/Erth      #.......     67%         4    #####..
 Lee's Rapid Deconstruct  Erth           ##........   77%         5    ######.


Dungeon Overview and Level Annotations

Branches:
Dungeon (4/15)
 Temple: D:4-7

Altars:
Elyvilon
Kikubaaqudgha
Okawaru
Uskayaw
Vehumet

Annotations:
D:3 exclusion: orc, Sigmund


Innate Abilities, Weirdness & Mutations

Your body is rotting away.
You thrive on raw meat.
You are immune to poison.
You have sharp fingernails.
You are carnivorous and can eat meat at any time.
Your flesh is cold resistant. (rC+)
You are immune to negative energy. (rN+++)
You do not regenerate when monsters are visible.
You are immune to unholy pain and torment.
You can survive without breathing.


Message History

b - 63 stones The wight hits you from afar with a cursed +1 spear.
Aim: a wight, wielding a +1 spear and wearing a +0 robe (lightly damaged)
The blast of sand hits the wight but does no damage.
b - 62 stones The wight hits you from afar with a cursed +1 spear.
It was a potion of magic.
Magic courses through your body. The wight misses you.
Aim: a wight, wielding a +1 spear and wearing a +0 robe (lightly damaged)
The blast of sand hits the wight but does no damage.
b - 61 stones The wight closely misses you.
Aim: a wight, wielding a +1 spear and wearing a +0 robe (lightly damaged)
The blast of sand hits the wight but does no damage.
b - 60 stones The wight hits you from afar with a cursed +1 spear.
Aim: a wight, wielding a +1 spear and wearing a +0 robe (lightly damaged)
The stone arrow hits the wight.
The wight hits you from afar with a cursed +1 spear.
Aim: a wight, wielding a +1 spear and wearing a +0 robe (moderately damaged)
The stone arrow hits the wight.
The wight closely misses you.
You don't have enough magic to cast that spell.
Sorry, you're not good enough to have a special ability.
Okay, then.
No other missiles available.
Use F to throw any item.
No other missiles available.
Use F to throw any item.
The wight hits you with a cursed +1 spear.
* * * LOW HITPOINT WARNING * * *
Okay, then.
You closely miss the wight.
The wight hits you with a cursed +1 spear.
* * * LOW HITPOINT WARNING * * *
You scratch the wight.
The wight hits you with a cursed +1 spear.
* * * LOW HITPOINT WARNING * * *
You completely miss the wight. The wight closely misses you.
Unknown command.
You scratch the wight. The wight barely misses you.
You closely miss the wight.
The wight hits you with a cursed +1 spear.
* * * LOW HITPOINT WARNING * * *
You closely miss the wight. The wight completely misses you.
You closely miss the wight. The wight misses you.
You scratch the wight.
The wight hits you with a cursed +1 spear.
* * * LOW HITPOINT WARNING * * *
You scratch the wight. The wight barely misses you.
You scratch the wight but do no damage.
The wight hits you with a cursed +1 spear!
You die...

#...........#
#...........#
#.......###.#
#######......z# #[#
#_..#⌠###.....# #.#
#..##.# #..#..# ###
#.#'..# #.#_#.#
###..####..#..#####
#⌠.............z@.#
.###.##.##..#.#####
#.............#
.###[##.##.#### ##
#.#####.# #.......#
#########


You could see a wight.

Vanquished Creatures
  A scorpion (D:3)
  A hound zombie (D:3)
  A hound skeleton (D:3)
  2 adders
  3 worms (D:2)
  4 dart slugs
  A leopard gecko (D:2)
  2 bat zombies (D:2)
  2 giant cockroaches (D:2)
  12 goblins
  3 hobgoblins
  2 jackals (D:1)
  7 kobolds
  2 quokkas (D:2)
  A ball python skeleton (D:3)
  6 bats
  8 frilled lizards
  A quokka zombie (D:3)
  6 rats
65 creatures vanquished.

Notes
Turn   | Place    | Note
-------+----------+-------------------------------------------
     0 | D:1      | MalarOregon the Ghoul Earth Elementalist began the quest
                  | for the Orb.
     0 | D:1      | Reached XP level 1. HP: 14/14 MP: 2/2
   285 | D:1      | Reached XP level 2. HP: 19/20 MP: 1/3
   719 | D:2      | Reached XP level 3. HP: 26/26 MP: 1/5
  1031 | D:2      | Learned a level 2 spell: Passwall
  1035 | D:2      | Learned a level 3 spell: Stone Arrow
  1217 | D:2      | Found an ancient bone altar of Kikubaaqudgha.
  1279 | D:2      | Reached XP level 4. HP: 33/33 MP: 6/6
  1461 | D:2      | You fall through a shaft for 2 floors!
  1464 | D:4      | Found a white marble altar of Elyvilon.
  1501 | D:4      | Reached skill level 4 in Earth Magic
  1873 | D:3      | Reached XP level 5. HP: 13/37 MP: 0/7
  2699 | D:3      | Noticed Sigmund
  2813 | D:4      | Found an iron altar of Okawaru.
  2858 | D:4      | Found a hide-covered altar of Uskayaw.
  2876 | D:4      | Found a radiant altar of Vehumet.
  2943 | D:4      | Slain by a wight

Skill      XL: |  1  2  3  4 |
---------------+-------------+-----
Dodging        | 2 |  2.9
Spellcasting   | 2 |  2.7
Stealth        | 3 |  3.8
Earth Magic    | 4 |  4.3
Transmutations | |  0.8

Action                   |  1- 3 |  4- 6 || total
-------------------------+-------+-------++-------
Melee: Unarmed           |    24 |   123 ||   147
 Cast: Sandblast         |    48 |    44 ||    92
       Stone Arrow       |       |     2 ||     2
  Use: Scroll            |     2 |       ||     2
       Potion            |       |     7 ||     7
 Stab: Sleeping          |     1 |     2 ||     3
       Invisible         |       |     2 ||     2
  Eat: Chunk             |     3 |     4 ||     7
       Ration            |       |     1 ||     1
Armor: Robe              |     6 |    41 ||    47
Dodge: Dodged            |    16 |    98 ||   114
